 Dungeon Crawl Stone Soup version 0.20.1-1-g8b1a95d (webtiles) character file.

41 taytron the Cudgeler (level 3, 0/34 HPs)
             Began as a Minotaur Berserker on July 9, 2017.
             Was a Believer of Trog.
             Slain by an adder (3 damage)
             ... on level 1 of the Dungeon.
             The game lasted 00:41:16 (1049 turns).

taytron the Cudgeler (Minotaur Berserker)           Turns: 1049, Time: 00:41:17

Health: 0/34       AC:  2    Str: 22    XL:     3   Next: 32%
Magic:  2/2        EV:  9    Int:  4    God:    Trog [**....]
Gold:   64         SH:  7    Dex:  9    Spells: 2/2 levels left

rFire    . . .     SeeInvis .   a - +0 mace
rCold    . . .     Gourm    .   f - +0 shield
rNeg     . . .     Faith    .   b - +0 animal skin
rPois    .         Spirit   .   (helmet restricted)
rElec    .         Reflect  .   (no cloak)
rCorr    .         Harm     .   (no gloves)
MR       .....                  (no boots)
Stlth    ..........             (no amulet)
Regen    0.2/turn               j - ring of loudness (curse)
MPRegen  0.1/turn               (no ring)

@: lethally poisoned (0 -> -1)
A: retaliatory headbutt, horns 2
a: Berserk, Trog's Hand, Burn Spellbooks, Renounce Religion


You were on level 1 of the Dungeon.
You worshipped Trog.
Trog was pleased with you.
You were not hungry.

You visited 1 branch of the dungeon, and saw 2 of its levels.

You collected 64 gold pieces.

Inventory:

Hand Weapons
 a - a +0 mace (weapon)
 h - a +0 club
 k - a +0 whip
 u - a +0 club
 v - a +4 hunting sling
Missiles
 d - 28 arrows
 l - 9 poisoned needles
 s - 46 stones (quivered)
Armour
 b - a +0 animal skin (worn)
 f - a +0 shield (worn)
 m - a +0 leather armour
Jewellery
 i - a cursed ring of loudness
 j - a cursed ring of loudness (left hand)
 q - a cursed ring of loudness
Scrolls
 e - a scroll of fear {unknown}
 g - a scroll of magic mapping {unknown}
 o - a scroll of random uselessness {unknown}
 p - a scroll of recharging {unknown}
Potions
 r - 2 potions of resistance {unknown}
Comestibles
 c - a bread ration
 n - 2 royal jellies
 t - 3 chunks of flesh


   Skills:
 + Level 4.3 Fighting
 + Level 4.5 Maces & Flails
 + Level 2.6 Armour
 + Level 2.2 Dodging
 + Level 0.2 Shields


You had 2 spell levels left.
You didn't know any spells.

Dungeon Overview and Level Annotations

Branches:
Dungeon (2/15)

Altars:


Innate Abilities, Weirdness & Mutations

You reflexively headbutt those who attack you in melee.
You have a pair of horns on your head.


Message History

* * * LOW HITPOINT WARNING * * *
You closely miss the adder.
The adder is moderately wounded.
You feel sick. The adder bites you.
* * * LOW HITPOINT WARNING * * *
You closely miss the adder.
The adder is moderately wounded.
You block the adder's attack. The adder bites you.
* * * LOW HITPOINT WARNING * * *
There is a stone staircase leading up here.
The adder bites you.
* * * LOW HITPOINT WARNING * * *
You climb upwards.
You feel sick.
There is a stone staircase leading down here.
The adder bites you.
* * * LOW HITPOINT WARNING * * *
You hit the adder.
The adder is heavily wounded.
You feel sick. The adder bites you.
You die...

.##..### ##....## #.#.#####.#
.#..#..# ##'#.#####
#.......... ..###..##
##'####...###.#.#####.# ..#
##..###.####.....##.#........
###
#..##..##....⌠..##.......(..
##...#.....#...###.########.
#######.####### #..........
###########.#########
#.>S@.......# #......
#..#######..# #.##### #..#
#..###.##### #..#
#..#........ #..#
#..######### #..# #..# #..#
#..####### #..# #........#
#..# #.######.###


You could see an adder.

Vanquished Creatures
  2 dart slugs (D:1)
  A leopard gecko (D:1)
  3 orcs (D:2)
  2 ball pythons (D:1)
  A bat (D:1)
  6 goblins
  7 hobgoblins
  4 frilled lizards (D:1)
  A kobold (D:1)
  3 rats (D:1)
30 creatures vanquished.

Notes
Turn   | Place    | Note
-------+----------+-------------------------------------------
     0 | D:1      | taytron the Minotaur Berserker began the quest for the Orb.
     0 | D:1      | Reached XP level 1. HP: 19/19 MP: 0/0
   206 | D:1      | Reached XP level 2. HP: 15/27 MP: 1/1
   664 | D:1      | Reached ** piety under Trog
   703 | D:1      | Reached XP level 3. HP: 15/33 MP: 2/2
  1049 | D:1      | Slain by an adder

Skill      XL: |  1  2 |
---------------+-------+-----
Fighting       | 4 |  4.3
Maces & Flails | 4 |  4.5
Armour         | |  2.6
Dodging        | |  2.2
Shields        | |  0.2

Action                   || total
-------------------------++-------
Melee: Mace              ||    76
       Headbutt          ||    11
Invok: Berserk           ||     1
  Eat: Chunk             ||     1
Armor: Animal skin       ||     9
Dodge: Dodged            ||    25
Block: Shield            ||    22
